 Dungeon Crawl Stone Soup version 0.29.1-2-gbd0b4ee654 (webtiles) character file.

Game seed: 4972128108622321324

1249 Gabide the Trooper (level 8, -1/70 HPs)
             Began as a Demigod Delver on Nov 7, 2022.
             Killed from afar by a steam dragon (7 damage)
             ... with a ball of steam
             ... on level 6 of the Dungeon.
             The game lasted 00:08:01 (4398 turns).

Gabide the Trooper (Demigod Delver)                 Turns: 4398, Time: 00:08:02

Health: -1/70      AC:  8    Str: 13    XL:     8   Next: 5%
Magic:  10/10      EV: 16    Int: 18    God:
Gold:   186        SH:  0    Dex: 26    Spells: 7/7 levels left

rFire   . . .      SeeInvis .   h - +6 dagger of Sudden Death {spect, *Slow rElec Dex+3}
rCold   . . .      Faith    .   (no shield)
rNeg    . . .      Spirit   .   b - +0 leather armour
rPois   .          Reflect  .   t - +1 helmet
rElec   +          Harm     .   y - +2 cloak
rCorr   .          Rampage  .   (no gloves)
Will    .....                   (no boots)
Stlth   +++.......              (no amulet)
HPRegen 0.21/turn               k - +4 ring of slaying
MPRegen 0.12/turn               l - +6 ring of intelligence

@: no status effects
A: high MP 1, forlorn, divine attributes
a: no special abilities


You were on level 6 of the Dungeon.
You visited 1 branch of the dungeon, and saw 6 of its levels.

You collected 266 gold pieces.
You spent 80 gold pieces at shops.

Inventory:

Hand Weapons
 a - a +0 falchion
 h - the +6 dagger of Sudden Death (weapon) {spect, *Slow rElec Dex+3}
   (You found it on level 5 of the Dungeon)

   When its wielder attacks, the weapon's spirit leaps out and strikes again.
   The spirit shares a part of any damage it takes with its wielder.
   Dex:       It affects your dexterity (+3).
   rElec:     It insulates you from electricity.
   *Slow:     It may slow you when you take damage.
Missiles
 p - 4 atropa-tipped darts (quivered)
Armour
 b - a +0 leather armour (worn)
 t - a +1 helmet (worn)
 y - a +2 cloak (worn)
 B - the +1 robe "Qoniazette" {rF- Dex+6 SInv Stlth+}
   (You found it on level 4 of the Dungeon)

   Dex:       It affects your dexterity (+6).
   rF:        It makes you vulnerable to fire.
   SInv:      It lets you see invisible.
   Stlth:     It makes you more stealthy.
Jewellery
 i - a ring of protection from cold
 k - a +4 ring of slaying (left hand)
 l - a +6 ring of intelligence (right hand)
 z - a +6 ring of intelligence
Wands
 g - a wand of digging (8)
 j - a wand of charming (6)
Scrolls
 c - a scroll of fog
 d - 2 scrolls of magic mapping
 n - a scroll of teleportation {unknown}
 o - 4 scrolls of immolation
 q - a scroll of amnesia
 r - a scroll of poison
 u - 2 scrolls of enchant weapon
 w - a scroll of brand weapon
 C - a scroll of enchant armour
Potions
 f - 2 potions of haste
 m - 2 potions of might
 s - a potion of magic
 v - a potion of lignification
 x - 3 potions of flight
 A - a potion of curing


   Skills:
 + Level 5.9 Fighting
 + Level 5.5 Long Blades
 + Level 5.5 Dodging
 - Level 4.5 Stealth


You had 7 spell levels left.
You didn't know any spells.
Your spell library contained the following spells:

 Spells                   Type           Power      Damage    Failure   Level
 Beastly Appendage        Tmut           0%         N/A       28%         1
 Confusing Touch          Hex            0%         N/A       63%         3
 Ozocubu's Armour         Ice            0%         N/A       63%         3
 Metabolic Englaciation   Hex/Ice        0%         N/A       100%        5
 Yara's Violent Unravell  Hex/Tmut       0%         3d3       100%        5
 Simulacrum               Ice/Necr       0%         N/A       100%        6
 Enfeeble                 Hex            0%         N/A       100%        7


Dungeon Overview and Level Annotations

Branches:
Dungeon (6/15)             Temple (0/1) D:5

Shops:
D:3 !   D:4 [([


Innate Abilities, Weirdness & Mutations

You have an increased reservoir of magic. (+10% MP)
You shall have no god before yourself.
Your divine heritage dramatically boosts your attributes as you level up.


Message History

* * * LOW HITPOINT WARNING * * *
The scorpion is engulfed in a cloud of scalding steam.
The scorpion barely misses you.
You closely miss the scorpion.
The scorpion is severely wounded.
Your +6 dagger of Sudden Death {spect, *Slow rElec Dex+3} hits the scorpion!
You kill the scorpion!
You are engulfed in a cloud of scalding steam.
* * * LOW HITPOINT WARNING * * *
Your jelly hits the steam dragon but does no damage.
The steam dragon struggles against the net.
Your jelly completely misses the steam dragon.
The steam dragon struggles against the net.
Something hits the steam dragon but does no damage.
The steam dragon struggles against the net.
The net rips apart, and the steam dragon comes free!
You feel better. The steam dragon breathes steam at you.
The ball of steam hits you!
* * * LOW HITPOINT WARNING * * *
Something hits the steam dragon.
The steam dragon is splashed with acid.
The acid corrodes the steam dragon!
Something bites your jelly. Something claws your jelly.
Your jelly hits something. Your jelly hits something.
Something bites your jelly!
Your jelly dies!
You hear an angry hiss.
A centaur comes into view.
Read: scroll of fear
Press: ? - help, Dir - look around, f - activate Look: a steam dragon (almost dead, covered in acid, chance to affect: 97%)
As you read the scroll of fear, it crumbles to dust.
You assume a fearsome visage.
The centaur looks frightened!
The centaur shouts!
The steam dragon looks frightened!
The centaur is engulfed in a cloud of scalding steam.
The steam dragon breathes steam at you. The ball of steam hits you!
You die...

#.#...#..#.##.....
.#..#..[.#.#<...#
#.......##.#....#
........##.#....#
#####.#..........##.
###..c§§..............
?.#..§§..|#..<...###
#.#..#..........#
###.#.@.#.###....#
#...§#§............
#.###(D......#.#...##
#....†#..#.#.#...#
#.#.#.....#.#.#....
##.#..#...#.#.#...##
##..#....#.#
............
###.#...#.#.#


You could see a steam dragon (fleeing, catching breath, corroded) and a centaur
(fleeing).

Vanquished Creatures
  A steam dragon (D:6)
  An orc warrior (D:4)
  2 ice beasts
  A phantom (D:5)
  A bullfrog (D:5)
  3 scorpions
  2 jellies
  Crazy Yiuf (D:2)
  4 hounds
  A gnoll bouda (D:5)
  Ijyb (D:3)
  Terence (D:3)
  14 adders
  4 gnolls (D:4)
  A shadow imp (D:5)
  An ufetubus (D:5)
  2 worms
  3 dart slugs (D:2)
  3 orcs
  5 bats
  10 endoplasms
  4 giant cockroaches
  10 goblins
  9 hobgoblins
  2 iguanas
  A quokka (D:2)
  3 ball pythons
  2 frilled lizards
  2 kobolds
  3 rats
98 creatures vanquished.

Vanquished Creatures (collateral kills)
  A jackal (D:4)
1 creature vanquished.

Vanquished Creatures (others)
  A hornet (D:4)
  A jelly (D:6)
2 creatures vanquished.

Grand Total: 101 creatures vanquished

Notes
Turn   | Place    | Note
-------+----------+-------------------------------------------
     0 | D:5      | Gabide the Demigod Delver began the quest for the Orb.
     0 | D:5      | Reached XP level 1. HP: 18/18 MP: 3/3
     3 | D:5      | Identified the +6 dagger of Sudden Death {spect, *Slow
                  | rElec Dex+3}
   362 | D:4      | Found Kasiruotule's Antique Armour Shop.
   418 | D:4      | Noticed a scorpion
   472 | D:2      | Reached XP level 2. HP: 25/25 MP: 4/4
  1115 | D:2      | Reached XP level 3. HP: 27/31 MP: 5/5
  1229 | D:2      | You fall into a shaft and drop 2 floors!
  1711 | D:2      | Found a runed translucent door.
  1712 | D:2      | Noticed Crazy Yiuf
  1721 | D:2      | Killed Crazy Yiuf
  1722 | D:2      | Reached XP level 4. HP: 13/38 MP: 0/6
  1975 | D:3      | Noticed Terence
  1985 | D:3      | Killed Terence
  2034 | D:3      | Found Qoaxo's Distillery.
  2042 | D:3      | Bought 2 potions of might for 80 gold pieces
  2112 | D:3      | Reached XP level 5. HP: 46/46 MP: 7/7
  2118 | D:3      | Noticed Ijyb
  2134 | D:3      | Killed Ijyb
  2524 | D:3      | Got Plato's Precepts of Metamorphosis
  2936 | D:4      | Found Biwioros's Antique Armour Boutique.
  2985 | D:4      | Found Kann's Antique Weapon Shop.
  3180 | D:4      | Noticed an orc warrior
  3180 | D:4      | Noticed a hornet
  3186 | D:4      | Paralysed by a hornet for 1 turns
  3187 | D:4      | HP: 2/46 [hornet (6)]
  3197 | D:4      | Reached XP level 6. HP: 16/52 MP: 8/8
  3451 | D:4      | Identified the +1 robe "Qoniazette" {rF- Dex+6 SInv Stlth+}
  3789 | D:5      | Reached skill level 5 in Fighting
  3789 | D:5      | Reached XP level 7. HP: 56/61 MP: 9/9
  3859 | D:5      | Found a staircase to the Ecumenical Temple.
  4038 | D:4      | Reached skill level 5 in Dodging
  4041 | D:4      | Reached skill level 5 in Long Blades
  4356 | D:6      | Noticed a steam dragon
  4360 | D:6      | Killed a steam dragon
  4372 | D:6      | Noticed a steam dragon
  4382 | D:6      | Reached XP level 8. HP: 33/70 MP: 10/10
  4398 | D:6      | Killed from afar by a steam dragon

Illustrated notes

Levels and vault maps discovered:
D:1:      wander_arrival_fairy_ring, layout_rooms
D:2:      layout_basic, uniq_crazy_yiuf_cottage
D:3:      layout_loops_corners, dk_xom_monty_hall,
          shapermc_ecumenical_altar_rom_forum, serial_shops,
          nicolae_shop_crystal, uniq_terence, uniq_ijyb
D:4:      layout_basic, old_standard_altar, nicolae_qazlal_general_emergency,
          serial_shops, kennysheep_mini_moat, nicolae_shop_window_shopping,
          nicolae_diamond_shop, minmay_divided_ellipse
D:5:      layout_cave_pools, grunt_dithmenos_shadows,
          minmay_temple_entry_water_ring
D:6:      layout_basic, mainiacjoe_overflow_concentric_impassable,
          ebering_ghost_sewer_f, minmay_increasing_density, uniq_prince_ribbit1

Skill      XL: |  1  2  3  4  5  6  7 |
---------------+----------------------+-----
Long Blades    | 2 3 4 5 |  5.5
Dodging        | 2 3 4 5 |  5.5
Fighting       | 3 4 5 |  5.9
Stealth        | |  4.5

Action                   |  1- 3 |  4- 6 |  7- 9 || total
-------------------------+-------+-------+-------++-------
Melee: Falchion          |    20 |       |       ||    20
       Dagger            |    39 |    98 |    47 ||   184
       Punch             |     1 |     1 |       ||     2
Throw: Dart              |     1 |     1 |     1 ||     3
       Throwing net      |       |       |     1 ||     1
Evoke: Wand              |       |     1 |     5 ||     6
  Use: Scroll            |     9 |     5 |     1 ||    15
       Potion            |       |     3 |     2 ||     5
 Stab: Sleeping          |    11 |    10 |     4 ||    25
       Invisible         |     1 |       |       ||     1
       Distracted        |       |       |     1 ||     1
Armor: Leather armour    |     9 |    20 |    21 ||    50
Dodge: Dodged            |    30 |    47 |    52 ||   129
